 Dungeon Crawl Stone Soup version 0.20.0-15-g7f486f2 (console) character file.

399 removed the Ruffian (level 6, -6/47 HPs)
             Began as a Centaur Transmuter on June 11, 2017.
             Mangled by dvd's ghost (7 damage)
             ... on level 4 of the Dungeon.
             The game lasted 00:08:31 (5384 turns).

removed the Ruffian (Centaur Transmuter)            Turns: 5384, Time: 00:08:32

Health: -6/47      AC:  6    Str: 15    XL:     6   Next: 53%
Magic:  8/8        EV:  7    Int: 16    God:
Gold:   140        SH:  0    Dex:  9    Spells: 7/8 levels left

rFire    + + .     SeeInvis .     - Unarmed
rCold    + . .     Gourm    .   (no shield)
rNeg     . . .     Faith    .   y - +0 scale mail {rF+}
rPois    .         Spirit   .   (no helmet)
rElec    .         Reflect  .   n - scarf {rC+ rF+}
rCorr    .         Harm     .   (no gloves)
MR       +....                  (no barding)
Stlth    ..........             (no amulet)
Regen    0.2/turn               w - ring of protection from magic
MPRegen  0.2/turn               A - +4 ring of intelligence

@: very quick
A: hooves 3, deformed body, speed 2, tough skin 3
a: no special abilities


You were on level 4 of the Dungeon.
You were hungry.

You visited 1 branch of the dungeon, and saw 4 of its levels.
You also visited: Sewer.

You collected 140 gold pieces.

Inventory:

Hand Weapons
 b - a +0 blowgun
Missiles
 a - 83 arrows
 J - 4 poisoned needles
Armour
 j - a +0 cloak
 n - a scarf of resistance (worn)
 y - a +0 scale mail of fire resistance (worn)
 D - a +0 robe
Jewellery
 w - a ring of protection from magic (left hand)
 A - a +4 ring of intelligence (right hand)
Scrolls
 e - a scroll of enchant weapon {unknown}
 f - 2 scrolls of noise {unknown}
 g - 2 scrolls of teleportation {unknown}
 i - 2 scrolls of recharging {unknown}
 k - a scroll of blinking {unknown}
 l - 3 scrolls of identify {unknown}
 o - a scroll of random uselessness {unknown}
 r - a scroll of amnesia {unknown}
 u - a scroll of fear {unknown}
 B - 2 scrolls of immolation {unknown}
 H - 2 scrolls of remove curse {unknown}
 K - a scroll of magic mapping {unknown}
Potions
 p - 4 potions of curing
 x - 3 potions of heal wounds {unknown}
 z - a potion of brilliance {unknown}
 F - 2 potions of might
 G - 2 potions of flight {unknown}
Books
 c - a book of Changes

   Spells                             Type                      Level
   a - Beastly Appendage              Transmutation                1
   b - Sticks to Snakes               Transmutation                2
   c - Spider Form                    Transmutation/Poison         3
   d - Ice Form                       Ice/Transmutation            4
   e - Blade Hands                    Transmutation                5
Comestibles
 d - 6 bread rations
 h - 2 meat rations
 s - 4 fruits


   Skills:
 - Level 1.0 Fighting
 - Level 1.3 Dodging
 + Level 7.5 Unarmed Combat
 - Level 1.5 Spellcasting
 - Level 1.7 Transmutations


You had 7 spell levels left.
You knew the following spells:

 Your Spells              Type           Power        Failure   Level  Hunger
a - Beastly Appendage     Tmut           #.....       41%         1    ##.....


Dungeon Overview and Level Annotations

Branches:
Dungeon (4/15)
 Temple: D:4-7

Altars:
Sif Muna
Xom

Annotations:
D:4 dvd's ghost, amateur TrTm


Innate Abilities, Weirdness & Mutations

You have hooves in place of feet.
Armour fits poorly on your strangely shaped body.
You cover ground very quickly.
You have extremely tough skin. (AC +3)


Message History

You are feeling hungry.
You climb downwards.
Level annotation: dvd's ghost, amateur TrTm Dvd's ghost barely misses you.
Dvd's ghost hits you.
There is a stone staircase leading up here.
Unknown command.
You barely miss dvd's ghost. Dvd's ghost barely misses you.
Your scale mail prevents you from hitting the hornet zombie.
You kick the hornet zombie, but do no damage.
The hornet zombie completely misses you.
You hit the hornet zombie but do no damage.
You kick the hornet zombie, but do no damage.
The hornet zombie hits you! Dvd's ghost hits you.
You hit the hornet zombie but do no damage.
The hornet zombie hits you! Dvd's ghost hits you!
* * * LOW HITPOINT WARNING * * *
The hornet zombie hits you!
* * * LOW HITPOINT WARNING * * *
Dvd's ghost hits you!
You die...

#.# #####.# #.# #.#
#.###################
#.#..................
#.#.#################
#.#.#........#
#.#..........#
#.###.########
#.########.##@W#
#..........##Z.#
#########......#
#....#.###.##
#.##.#.#...#
#.#........#
#.####.#...#
#......##### #.####.#


You could see dvd's ghost and a hornet zombie.

Vanquished Creatures
  A scorpion (D:4)
  A hound (D:4)
  An orc priest (D:2)
  An orc wizard (D:2)
  A worker ant (D:4)
  4 adders
  A gnoll (D:4)
  9 river rats (Sewer)
  2 worms
  4 dart slugs
  A leopard gecko (D:4)
  4 orcs
  7 giant cockroaches
  2 goblins
  7 hobgoblins
  27 kobolds
  5 ball pythons
  3 bats
  6 frilled lizards
  32 rats
119 creatures vanquished.

Vanquished Creatures (others)
  An orc wizard (D:4)
  A worm (D:4)
  An orc (D:4)
3 creatures vanquished.

Grand Total: 122 creatures vanquished

Notes
Turn   | Place    | Note
-------+----------+-------------------------------------------
     0 | D:1      | removed the Centaur Transmuter began the quest for the Orb.
     0 | D:1      | Reached XP level 1. HP: 16/16 MP: 3/3
   441 | D:1      | Reached XP level 2. HP: 23/23 MP: 4/4
  1201 | D:1      | Reached skill level 4 in Unarmed Combat
  1335 | D:2      | Reached XP level 3. HP: 22/28 MP: 5/5
  2295 | D:2      | Reached XP level 4. HP: 35/35 MP: 6/6
  2330 | D:2      | Reached skill level 5 in Unarmed Combat
  2824 | D:3      | Found a deep blue altar of Sif Muna.
  2877 | D:3      | Reached XP level 5. HP: 39/40 MP: 7/7
  3146 | D:4      | Noticed an ogre
  3240 | D:4      | Reached skill level 6 in Unarmed Combat
  3263 | D:4      | Found a glowing drain.
  3271 | Sewer    | Entered a sewer
  3777 | Sewer    | HP: 2/40 [poisoned by an adder]
  3782 | Sewer    | HP: 3/60 [river rat (1)]
  4065 | Sewer    | Reached XP level 6. HP: 41/47 MP: 8/8
  4450 | Sewer    | Reached skill level 7 in Unarmed Combat
  4698 | D:4      | Found a shimmering altar of Xom.
  5126 | D:4      | Noticed dvd's ghost (amateur TrTm)
  5384 | D:4      | HP: 1/47 [hornet zombie (7)]
  5384 | D:4      | Mangled by dvd's ghost

Skill      XL: |  1  2  3  4  5  6 |
---------------+-------------------+-----
Unarmed Combat | 4 5 6 7 |  7.5
Fighting       | |  1.0
Dodging        | |  1.3
Spellcasting   | |  1.5
Transmutations | |  1.7

Action                   |  1- 3 |  4- 6 || total
-------------------------+-------+-------++-------
Melee: Unarmed           |   146 |   270 ||   416
       Kick              |    27 |    58 ||    85
       Punch             |     1 |     5 ||     6
 Fire: Blowgun           |       |    15 ||    15
  Use: Potion            |     1 |     3 ||     4
  Eat: Chunk             |     3 |     8 ||    11
Armor: Robe              |    37 |     8 ||    45
       Scale mail        |       |   106 ||   106
       Skin              |       |     6 ||     6
Dodge: Dodged            |    61 |    89 ||   150
